Map: Darkness Sanctuary LE

Players

Swaghar - Winner!

  • Race: Protoss Protoss
  • League: Master
  • Spawn Location: 5:00

Bamboozled

  • Race: Zerg Zerg
  • League: Master
  • Spawn Location: 11:00

VOD

Have the link to the VOD?

Description

Time

  • Played on: June 19, 2018, 4:17 p.m.
  • Length: 17:14
Show
View Real Time Build Order
Export as new Build Order

Swaghar Protoss - Winner!

Build Orders: Dark Templar Rush 

Get SALT Encoding   

  12  0:00  Probe  
  13  0:13  Probe  
  14  0:18  Pylon  
  14  0:24  Probe  
  15  0:32  Probe  
  15  0:40  Probe, Gateway  
  16  0:48  Assimilator  
  17  0:51  Probe  
  18  1:03  Probe  
  19  1:16  Probe  
  20  1:21  Pylon  
  20  1:29  Cybernetics Core  
  20  1:30  Probe  
  21  1:51  Probe  
  22  1:58  Adept  
  22  2:04  Nexus  
  22  2:05  Probe  
  22  2:07  Assimilator  
  25  2:09  Warp Gate  
  25  2:17  Probe  
  26  2:24  Adept  
  26  2:29  Probe  
  29  2:41  Probe  
  30  2:47  Twilight Council  
  30  2:54  Probe  
  31  3:11  Probe  
  31  3:15  Probe, Adept  
  31  3:19  Probe  
  35  3:23  Probe  
  36  3:29  Probe  
  36  3:31  Probe  
  36  3:33  Dark Shrine  
  38  3:35  Robotics Facility  
  38  3:37  Pylon  
  39  3:41  Probe  
  39  3:42  Probe  
  39  3:53  Probe  
  39  3:54  Probe  
  41  3:58  Gateway  
  41  3:59  Gateway  
  41  4:01  Gateway  
  41  4:06  Probe x2  
  43  4:12  Warp Prism  
  43  4:14  Assimilator  
  43  4:17  Probe  
  43  4:18  Probe, Assimilator  
  47  4:25  Probe  
  47  4:28  Pylon  
  47  4:30  Probe  
  49  4:37  Probe  
  50  4:42  Probe  
  51  4:46  Dark Templar  
  51  4:50  Probe  
  54  4:56  Nexus  
  54  4:59  Pylon  
  54  5:02  Probe  
  54  5:03  Probe  
  54  5:04  Observer  
  57  5:15  Adept x2  
  57  5:23  Dark Templar x2  
  57  5:24  Probe  
  62  5:31  Probe  
  62  5:34  Pylon  
  62  5:36  Pylon  
  62  5:44  Shield Battery  
  62  5:47  Gateway  
  62  5:48  Immortal  
  62  5:49  Gateway  
  62  5:57  Shield Battery  
  64  6:12  Probe  
  64  6:16  Zealot x2  
  64  6:17  Zealot x2  
  64  6:18  Immortal  
  77  6:34  Pylon  
  76  6:48  Immortal  
  76  6:54  Nexus  
  76  6:55  Pylon  
  76  6:56  Charge  
  76  6:57  Zealot x3  
  86  7:08  Pylon  
  83  7:10  Pylon  
  83  7:12  Pylon  
  83  7:15  Pylon  
  77  7:18  Immortal  
  77  7:20  Stalker x4  
  85  7:25  Pylon  
  85  7:29  Pylon  
  89  7:31  Probe  
  90  7:40  Probe  
  90  7:43  Zealot  
  93  7:52  Pylon  
  93  7:57  Nexus  
  93  7:59  Templar Archives  
  93  8:06  Probe  
  93  8:07  Probe  
  93  8:11  Immortal  
  95  8:13  Pylon  
  91  8:20  Probe  
  91  8:24  Psionic Storm  
  91  8:25  Robotics Facility  
  96  8:30  Probe  
  96  8:31  Forge  
  97  8:37  High Templar  
  97  8:38  High Templar x3  
  97  8:40  High Templar  
  107  8:44  Immortal  
  107  8:45  Archon x2  
  107  8:48  Protoss Ground Weapons Level 1  
  107  8:50  Pylon  
  111  9:02  Assimilator  
  111  9:03  High Templar  
  111  9:06  Assimilator  
  113  9:12  High Templar x2  
  113  9:14  Observer  
  113  9:16  Probe  
  119  9:21  Zealot x2  
  123  9:32  Probe  
  123  9:33  Probe x2  
  123  9:35  Pylon  
  126  9:42  Immortal  
  126  9:44  Probe  
  126  9:45  Probe x2  
  133  9:46  Sentry x2  
  133  9:48  High Templar  
  133  9:49  High Templar  
  133  9:51  Zealot  
  143  9:54  Archon  
  143  9:57  Probe  
  144  10:03  Probe  
  144  10:05  Probe  
  144  10:09  Probe  
  144  10:12  Photon Cannon  
  144  10:15  Probe, Photon Cannon  
  144  10:18  Probe  
  146  10:21  Zealot x3, Probe  
  146  10:22  Zealot  
  146  10:28  Probe  
  156  10:35  Stargate  
  156  10:39  Pylon  
  139  10:55  Archon  
  121  10:59  Protoss Ground Weapons Level 2  
  121  11:03  Warp Prism  
  121  11:04  Immortal  
  121  11:06  Probe  
  121  11:07  Zealot  
  121  11:09  Probe  
  129  11:15  Probe  
  129  11:18  Probe  
  129  11:23  Stargate  
  129  11:25  High Templar x4, Stargate  
  137  11:27  Fleet Beacon  
  137  11:30  Nexus  
  137  11:32  Pylon  
  133  11:34  Immortal  
  133  11:37  Zealot, High Templar  
  135  11:43  Immortal  
  143  11:50  Probe  
  143  11:53  Probe  
  145  11:59  Pylon  
  145  12:11  Carrier  
  145  12:16  Carrier x2  
  137  12:30  Protoss Air Weapons Level 1  
  137  12:34  Probe x2  
  153  12:48  Probe x3  
  156  12:55  Zealot x5  
  156  12:56  Zealot  
  168  13:05  Mothership  
  159  13:17  Assimilator  
  165  13:21  Shield Battery  
  165  13:22  Assimilator, Photon Cannon  
  165  13:24  Photon Cannon  
  165  13:34  Gateway  
  165  13:38  Gateway  
  165  13:43  Dark Templar  
  165  13:44  Dark Templar x3  
  165  13:46  Carrier x2  
  182  14:05  Nexus  
  182  14:08  Pylon  
  176  14:15  Graviton Catapult  
  168  14:36  Warp Prism  
  166  14:50  High Templar  
  164  14:58  Zealot x3  
  170  15:29  Nexus  
  166  15:45  Dark Templar x3  
  172  15:57  Observer  
  172  15:59  High Templar x2  
  172  16:01  Zealot x2  
  180  16:05  Archon  
  180  16:10  Probe  
  181  16:12  Pylon  
  182  16:18  Observer  
  182  16:28  Dark Templar x2  
  182  16:30  Zealot  
  165  16:40  Archon x2  
  165  16:45  Zealot x3  
  165  16:46  Zealot  
  166  16:51  Probe  
  166  16:52  Probe  
  170  17:09  Zealot x6  
Show
View Real Time Build Order
Export as new Build Order

Bamboozled Zerg 

Build Orders: Hatch First, Lurkers, Swarm Host 

Get SALT Encoding   

  12  0:00  Drone  
  13  0:12  Overlord  
  13  0:17  Drone  
  14  0:30  Drone x2  
  14  0:34  Drone  
  17  0:52  Hatchery  
  17  0:55  Drone  
  17  0:58  Drone  
  18  1:10  Extractor  
  17  1:17  Spawning Pool, Drone  
  17  1:21  Drone  
  18  1:28  Drone  
  19  1:39  Overlord  
  19  1:50  Drone  
  20  2:04  Drone, Queen  
  20  2:05  Queen  
  25  2:09  Metabolic Boost  
  25  2:12  Drone  
  26  2:16  Drone  
  26  2:17  Drone  
  28  2:23  Drone  
  28  2:25  Drone  
  30  2:32  Drone  
  31  2:40  Zergling x2  
  32  2:45  Queen, Zergling x2  
  32  2:48  Zergling x2  
  36  2:53  Overlord  
  36  3:03  Overlord  
  36  3:06  Hatchery  
  36  3:09  Drone  
  36  3:17  Drone x5  
  41  3:27  Drone x4  
  45  3:37  Spore Crawler  
  45  3:38  Spore Crawler, Drone x2  
  45  3:47  Drone x6  
  50  3:50  Drone  
  50  3:53  Extractor  
  50  3:55  Extractor  
  49  3:57  Lair  
  49  4:01  Overlord  
  49  4:04  Zergling x4  
  49  4:08  Roach Warren  
  50  4:13  Zergling x4  
  52  4:22  Zergling x4  
  54  4:26  Baneling Nest  
  54  4:28  Zergling x4  
  54  4:29  Zergling x10  
  60  4:39  Zergling x4  
  60  4:40  Zergling x2  
  60  4:44  Overlord  
  63  4:52  Drone x3  
  66  5:00  Overlord x2  
  66  5:03  Glial Reconstitution  
  66  5:06  Extractor  
  65  5:08  Evolution Chamber  
  65  5:11  Centrifical Hooks  
  65  5:13  Evolution Chamber  
  62  5:17  Roach  
  62  5:18  Roach x5  
  72  5:31  Zergling x2  
  72  5:32  Zergling x14  
  80  5:42  Overseer  
  80  5:50  Roach  
  80  6:03  Zerg Missile Weapons Level 1, Zerg Melee Weapons Level 1  
  80  6:04  Ravager  
  80  6:11  Hatchery  
  80  6:12  Hatchery  
  80  6:15  Drone x2  
  80  6:27  Drone  
  80  6:28  Drone x2, Overlord x2  
  80  6:30  Overlord  
  83  6:34  Baneling x7  
  83  6:45  Overseer  
  82  6:49  Drone x6  
  82  6:50  Drone  
  88  6:56  Hydralisk Den, Drone x3  
  90  7:09  Drone x5  
  90  7:13  Drone  
  95  7:22  Overlord  
  95  7:29  Drone x3  
  99  7:30  Drone x3  
  99  7:35  Extractor  
  100  7:37  Extractor  
  100  7:44  Hydralisk x5  
  109  7:51  Lurker Den  
  107  8:00  Spore Crawler  
  106  8:06  Hydralisk  
  106  8:07  Hydralisk x6  
  106  8:08  Overlord  
  106  8:09  Overlord, Overseer x2  
  115  8:26  Drone x4  
  115  8:27  Drone x2  
  121  8:29  Baneling  
  121  8:30  Baneling x9  
  121  8:36  Zerg Ground Armor Level 1  
  121  8:38  Zerg Missile Weapons Level 2  
  121  8:42  Spore Crawler  
  121  8:44  Overlord x3  
  121  8:45  Overlord, Zergling x4  
  121  8:46  Zergling x2  
  121  8:48  Zergling x2  
  124  9:00  Muscular Augments  
  124  9:05  Overlord  
  124  9:11  Drone  
  124  9:12  Drone x6  
  131  9:28  Hydralisk  
  131  9:29  Hydralisk x9  
  150  9:33  Infestation Pit  
  149  9:39  Baneling x2  
  149  9:40  Baneling x5  
  149  9:47  Queen  
  151  9:57  Zergling x2  
  151  9:58  Zergling x22  
  163  10:04  Hatchery  
  162  10:11  Hive, Grooved Spines  
  161  10:21  Lurker x4  
  165  10:22  Zergling x16  
  165  10:23  Zergling x4  
  138  10:57  Hydralisk x8  
  138  10:58  Hydralisk x6  
  164  11:08  Zergling x2  
  164  11:28  Adaptive Talons  
  164  11:29  Zerg Missile Weapons Level 3  
  164  11:31  Zergling x2  
  164  11:32  Zergling x22  
  173  11:34  Zergling x2  
  173  11:35  Zergling x14  
  173  11:38  Overlord x2  
  173  11:39  Overlord x3  
  181  11:51  Baneling  
  181  11:52  Baneling x4  
  181  11:56  Queen  
  138  12:36  Hydralisk x9  
  147  12:37  Roach  
  147  12:38  Roach x16  
  175  13:20  Swarm Host x3  
  175  13:21  Swarm Host x5  
  199  13:29  Extractor x2  
  199  13:30  Queen  
  199  13:33  Extractor  
  198  13:49  Hatchery  
  198  13:54  Overseer x3  
  198  13:55  Overseer  
  195  13:57  Roach x2  
  197  14:03  Lair  
  184  14:19  Spire, Overlord  
  184  14:21  Spire  
  165  14:30  Swarm Host  
  165  14:31  Swarm Host x4  
  178  14:42  Hatchery  
  176  14:57  Overlord x3  
  176  15:31  Hatchery  
  140  15:49  Hydralisk x2, Roach x3  
  146  15:50  Hydralisk x17  
  182  16:07  Spawning Pool  
  182  16:09  Roach x7  
  182  16:10  Roach x2  
  153  16:37  Hydralisk x5  
  153  16:38  Hydralisk x7  
  119  16:54  Spire  
  109  16:56  Spawning Pool  
Tags
 
Add a new tag
Caveats
  • Supply blocks, unpowered buildings, or Contaminate may cause inaccurate times.
  • Supply counts are checked every 10 seconds.